 Dungeon Crawl Stone Soup version 0.29-a0-234-g0dae59b3db (webtiles) character file.

Game seed: 16073935992748886540

14 sammy202020 the Skirmisher (level 2, -1/36 HPs)
             Began as a Demonspawn Berserker on Mar 2, 2022.
             Was a Follower of Trog.
             Succumbed to an orc priest's poison
             ... on level 4 of the Dungeon.
             The game lasted 00:01:27 (1239 turns).

sammy202020 the Skirmisher (Demonspawn Berserker)   Turns: 1239, Time: 00:01:28

Health: -1/36      AC:  3    Str: 17    XL:     2   Next: 27%
Magic:  2/2        EV: 16    Int:  8    God:    Trog [*.....]
Gold:   47         SH:  0    Dex: 12    Spells: 1/1 levels left

rFire   + . .      SeeInvis .   a - +0 mace
rCold   . . .      Faith    .   (no shield)
rNeg    . . .      Spirit   .   c - +0 leather armour
rPois   .          Reflect  .   (no helmet)
rElec   .          Harm     .   (no cloak)
rCorr   .          Rampage  .   (no gloves)
Will    .....                   (no boots)
Stlth   ..........              (no amulet)
HPRegen 0.12/turn               j - +4 ring of evasion
MPRegen 0.08/turn               l - ring of protection from fire

@: berserking, lethally poisoned (-1 -> -11), very quick
A: demonic touch 1
a: Renounce Religion, Berserk


You were on level 4 of the Dungeon.
You worshipped Trog.
Trog was aware of your devotion.
You visited 1 branch of the dungeon, and saw 3 of its levels.

You collected 47 gold pieces.

Inventory:

Hand Weapons
 a - a +0 mace (weapon)
Armour
 c - a +0 leather armour (worn)
Jewellery
 j - a +4 ring of evasion (left hand)
 l - a ring of protection from fire (right hand)
Scrolls
 b - a scroll of silence {unknown}
 d - a scroll of identify {unknown}
 e - a scroll of immolation {unknown}
 g - a scroll of blinking {unknown}
 h - a scroll of torment {unknown}
Potions
 f - 2 potions of heal wounds {unknown}
 i - a potion of might {unknown}
 k - a potion of haste {unknown}


   Skills:
 + Level 3.2 Fighting
 + Level 2.9 Maces & Flails
 + Level 2.0 Armour
 + Level 2.0 Dodging


You had one spell level left.
You didn't know any spells.
Your spell library was empty.

Dungeon Overview and Level Annotations

Branches:
Dungeon (2/15)

Altars:


Innate Abilities, Weirdness & Mutations

Your touch may inflict minor irresistible damage on your foes.


Message History

You are poisoned.
A black bear comes into view.
The orc misses you.
You barely miss the orc.
The orc is moderately wounded.
You feel sick. The orc closely misses you. The orc hits you with a +0 club.
The orc priest looks braver for a moment.
The orc barely misses you. x2; The orc closely misses you.
The orc priest closely misses you.
You barely miss the orc. Your touch misses the orc.
The orc is moderately wounded.
You feel sick.
A jelly comes into view.
The orc completely misses you. The orc misses you. The orc closely misses you.
The orc priest barely misses you. The orc closely misses you.
The jelly moves out of view.
A red film seems to cover your vision as you go berserk!
You feel yourself moving faster!
You feel mighty!
You feel sick. The orc hits you with a +0 dagger.
* * * LOW HITPOINT WARNING * * *
The orc closely misses you.
The orc priest hits you with a +2 dagger of venom.
* * * LOW HITPOINT WARNING * * *
You are lethally poisoned!
The orc misses you.
You sock the orc!
You kill the orc!
Trog accepts your kill.
* * * LOW HITPOINT WARNING * * *
You feel very sick. The orc hits you but does no damage.
The orc barely misses you.
The orc priest looks braver for a moment.
The jelly quivers.
You hit the orc priest. Your touch misses the orc priest.
The orc priest is moderately wounded.
* * * LOW HITPOINT WARNING * * *
You feel sick. The orc closely misses you. The orc barely misses you. x2
You barely miss the orc priest.
The orc priest is moderately wounded.
You die...

## . # .. # ##.
. ##.# . #
...##.$.. .##.##
# ....#.. ... ..
#.##^)#.##.##...
.........J......
+.....oo.......
#....ho@.......
#.....o######..
......).+
#.......#
#...##### #...
#.. ..


You could see a black bear, a jelly, an orc priest and 3 orcs.

Vanquished Creatures
  A dart slug (D:1)
  An orc (D:4)
  An endoplasm (D:1)
  2 hobgoblins (D:1)
  A quokka (D:1)
  2 ball pythons (D:1)
  A frilled lizard (D:1)
  A kobold (D:1)
10 creatures vanquished.

Notes
Turn   | Place    | Note
-------+----------+-------------------------------------------
     0 | D:1      | sammy202020 the Demonspawn Berserker began the quest for
                  | the Orb.
     0 | D:1      | Reached XP level 1. HP: 18/18 MP: 1/1
   204 | D:1      | Found a faded altar of an unknown god.
   204 | D:1      | Noticed a sixfirhy
   796 | D:1      | Gained mutation: Your touch may inflict minor irresistible
                  | damage on your foes. [demonic ancestry]
   796 | D:1      | Reached XP level 2. HP: 22/24 MP: 2/2
  1229 | D:2      | You fall into a shaft and drop 2 floors!
  1233 | D:4      | Noticed a black bear
  1238 | D:4      | HP: 1/36 [poisoned by an orc priest]
  1239 | D:4      | Succumbed to an orc priest's poison

Illustrated notes

Levels and vault maps discovered:
D:1:      matt_arrival_los_fun, layout_loops_corners,
          dreamdust_ecumenical_altar_sealed_demon
D:2:      layout_loops_cross, serial_shops, shop, kennysheep_generic_room_16
D:4:      layout_basic, minmay_temple_entry_ruins,
          gammafunk_ghost_abyssal_escape

Skill      XL: |  1 |
---------------+----+-----
Armour         | 2 |  2.0
Dodging        | 2 |  2.0
Fighting       | |  3.2
Maces & Flails | |  2.9

Action                   || total
-------------------------++-------
Melee: Mace              ||    38
       Touch             ||     1
Invok: Berserk           ||     1
Armor: Leather armour    ||     8
Dodge: Dodged            ||    35

Table legend: (Time is in decaauts)
 A = Elapsed time spent in this place.
 B = Non-inter-level travel time spent in this place.
 C = Inter-level travel time spent in this place.
 D = Time resting spent in this place.
 E = Time spent auto-exploring this place.
 F = Levels seen in this place.
 G = Mean time per level.
                   A        B        C        D        E       F      G
               +--------+--------+--------+--------+--------+-----+--------+
         Total |   1246 |   1230 |     16 |      0 |   1089 |   3 |  415.3 |
       Dungeon |   1246 |   1230 |     16 |      0 |   1089 |   3 |  415.3 |
               +--------+--------+--------+--------+--------+-----+--------+

Top non-repeatable levels by time:
     D:1: 1235 daAuts
     D:4: 10 daAuts
